 Dungeon Crawl Stone Soup version 0.28.0-53-g5a82cb258f (webtiles) character file.

Game seed: 10469719451995399148

9745 safid the Severer (level 11, -3/99 HPs)
             Began as a Hill Orc Fighter on Aug 21, 2022.
             Was a Follower of Okawaru.
             Killed from afar by a fire giant (37 damage)
             ... with a bolt of fire
             ... on level 10 of the Dungeon.
             The game lasted 00:13:48 (10951 turns).

safid the Severer (Hill Orc Fighter)               Turns: 10951, Time: 00:13:49

Health: -3/99      AC: 14    Str: 24    XL:     11   Next: 51%
Magic:  11/11      EV:  5    Int:  8    God:    Okawaru [*.....]
Gold:   584        SH: 17    Dex: 16    Spells: 10/10 levels left

rFire   . . .      SeeInvis .   a - +0 war axe
rCold   . . .      Faith    .   D - +0 kite shield
rNeg    . . .      Spirit   .   l - +0 plate armour
rPois   .          Reflect  +   (no helmet)
rElec   .          Harm     .   b - +0 cloak
rCorr   .          Rampage  .   N - +0 pair of gloves
Will    .....                   (no boots)
Stlth   ..........              f - amulet of reflection
HPRegen 0.26/turn               u - ring of flight
MPRegen 0.12/turn               A - +6 ring of dexterity

@: flying
A: no striking features
a: Renounce Religion, Heroism


You were on level 10 of the Dungeon.
You worshipped Okawaru.
Okawaru was aware of your devotion.
You visited 2 branches of the dungeon, and saw 11 of its levels.
You also visited: Bailey.

You collected 584 gold pieces.

Inventory:

Hand Weapons
 a - a +0 war axe (weapon)
 d - a +2 broad axe of flaming
 k - the +8 spear of Corruption {freeze, Str+3}
   (You took it off a goblin on level 3 of the Dungeon)

   It freezes those it strikes, dealing additional cold damage.
   It can also slow down cold-blooded creatures.
   Str:       It affects your strength (+3).
Missiles
 v - 26 poisoned darts (quivered)
 B - 4 javelins
Armour
 b - a +0 cloak (worn)
 l - a +0 plate armour (worn)
 D - a +0 kite shield (worn)
 N - a +0 pair of gloves (worn)
Jewellery
 e - a ring of protection from cold
 f - an amulet of reflection (around neck)
 u - a ring of flight (left hand)
 A - a +6 ring of dexterity (right hand)
Wands
 c - a wand of digging (3)
 m - a wand of polymorph (9)
 y - a wand of flame (7)
 z - a wand of paralysis (2)
 G - a wand of iceblast (13)
Scrolls
 j - a scroll of silence
 n - 2 scrolls of holy word
 o - 2 scrolls of fear
 p - a scroll of amnesia
 q - 2 scrolls of enchant armour {unknown}
 r - 3 scrolls of teleportation
 t - a scroll of noise {unknown}
 w - 2 scrolls of blinking {unknown}
 x - a scroll of summoning
 J - 3 scrolls of brand weapon {unknown}
 M - a scroll of magic mapping {unknown}
Potions
 g - 2 potions of resistance {unknown}
 h - 4 potions of flight
 i - 2 potions of brilliance
 s - a potion of lignification {unknown}
 C - 3 potions of haste
 E - a potion of attraction {unknown}
 F - 3 potions of curing {unknown}
 H - 2 potions of degeneration {unknown}
 I - 4 potions of heal wounds
 K - 2 potions of cancellation {unknown}
 L - a potion of mutation {unknown}


   Skills:
 + Level 9.8 Fighting
 * Level 16.4 Axes
 - Level 4.0 Armour
 * Level 11.0 Shields


You had 10 spell levels left.
You didn't know any spells.
Your spell library contained the following spells:

 Spells                   Type           Power      Damage    Failure   Level
 Apportation              Tloc           0%         N/A       100%        1
 Beastly Appendage        Tmut           0%         N/A       100%        1
 Wereblood                Tmut           0%         N/A       100%        2
 Portal Projectile        Hex/Tloc       0%         N/A       100%        3
 Spider Form              Tmut/Pois      0%         N/A       100%        3
 Leda's Liquefaction      Hex/Erth       0%         N/A       100%        4
 Alistair's Intoxication  Tmut/Pois      0%         N/A       100%        5
 Call Canine Familiar     Summ           Unusable   N/A       N/A         3

Dungeon Overview and Level Annotations

Branches:
Dungeon (10/15)            Temple (1/1) D:5          Bailey (visited)
   Lair: D:8-11         Orc: D:9-12

Altars:
Ashenzari
Cheibriados
Dithmenos
Elyvilon
Fedhas
Gozag
Hepliaklqana
Kikubaaqudgha
Makhleb
Nemelex Xobeh
Okawaru
Qazlal
Ru
Sif Muna
Trog
Uskayaw
Vehumet
Wu Jian
Xom
Yredelemnul
Zin
The Shining One

Shops:
D:6 :   D:9 *   D:10 (


Message History

You reach down and open the door.
There is an open door here.
A fire giant comes into view.
It is wielding a +1 great sword of flaming.
Found six items.
The fire giant shouts!
A fire giant is nearby!
An elephant comes into view.
Found two lightning rods (4/4) and a glowing executioner's axe.
The elephant trumpets!
You hit the fire giant.
The fire giant is lightly wounded.
The fire giant hits you with a +1 great sword of flaming!!
The fire giant burns you!
You hit the fire giant but do no damage.
The fire giant is lightly wounded.
You slash the fire giant!
The fire giant is lightly wounded.
The fire giant hits you with a +1 great sword of flaming!!
The fire giant burns you!
You are too injured to fight recklessly!
You are too injured to fight recklessly!
You are too injured to fight recklessly!
You are too injured to fight recklessly!
You are too injured to fight recklessly!
You are too injured to fight recklessly!
You are too injured to fight recklessly!
You are too injured to fight recklessly!
You are too injured to fight recklessly!
You are too injured to fight recklessly!
You are too injured to fight recklessly!
You are too injured to fight recklessly!
You are too injured to fight recklessly!
You are too injured to fight recklessly!
You are too injured to fight recklessly!
You are too injured to fight recklessly!
You are too injured to fight recklessly!
Unknown command.
The fire giant gestures at you while chanting.
The bolt of fire hits you!!!
You die...

##≈.≈.#...##.#.#.....#.# ##...#
#.≈.≈#######.##.......## #....
##≈.≈.# #.# #############'##
#.≈.≈## ##.# ..# #.#.#.#. ###_##
#..# #.# #...#†#. # ### #..##
.##.###..#... #
###########..#.##=})##.#...#...
###............##.CY|).##'...#...
....##########.#@##}})##.###....#
##### #.##.##.##.##....[.. #
#.###.###.###...#.#. # #.#
##...## #.#.#.#. #
#.##################
#...................
####################


You could see a fire giant and an elephant.

Vanquished Creatures
  An orc warlord (Bailey)
  A stone giant (D:10)
  A centaur warrior (D:9)
  Maggie (D:6)
  2 trolls
  16 yaks
  Eustachio (D:6)
  A wraith (D:10)
  2 wyverns
  Menkaure (D:5)
  A water moccasin (D:6)
  A hornet zombie (D:3)
  9 orc warriors
  A sky beast (D:8)
  4 necrophages
  3 centaurs
  An ogre (D:4)
  2 kobold brigands
  Blork the orc (D:4)
  A scorpion (D:6)
  2 gnoll sergeants
  11 wights
  An electric eel (D:6)
  8 howler monkeys
  4 centaur zombies
  4 orc priests
  A centaur skeleton (D:7)
  3 jellies
  Ijyb (D:5)
  7 orc wizards
  A hound skeleton (D:4)
  2 howler monkey zombies
  3 adders
  13 gnolls
  A shadow imp (D:6)
  An ufetubus (D:7)
  3 dart slugs
  42 orcs
  5 bats
  15 endoplasms
  4 giant cockroaches
  18 goblins
  18 hobgoblins
  3 jackals (D:1)
  6 quokkas
  7 ball pythons
  2 frilled lizards
  31 kobolds
  4 rats
272 creatures vanquished.

Vanquished Creatures (others)
  An orc wizard (D:6)
  4 fungi (D:2)
  6 plants (D:5)
  8 toadstools (D:2)
19 creatures vanquished.

Grand Total: 291 creatures vanquished

Notes
Turn   | Place    | Note
-------+----------+-------------------------------------------
     0 | D:1      | safid the Hill Orc Fighter began the quest for the Orb.
     0 | D:1      | Reached XP level 1. HP: 19/19 MP: 1/1
    87 | D:1      | Reached XP level 2. HP: 27/27 MP: 2/2
    89 | D:1      | Reached skill level 3 in Axes
   413 | D:1      | Reached XP level 3. HP: 33/33 MP: 3/3
   949 | D:2      | Reached skill level 4 in Axes
   949 | D:2      | Reached XP level 4. HP: 23/40 MP: 4/4
  1346 | D:2      | Found a faded altar of an unknown god.
  1990 | D:2      | Reached skill level 5 in Axes
  1990 | D:2      | Reached XP level 5. HP: 35/46 MP: 5/5
  2320 | D:3      | Reached skill level 7 in Axes
  2320 | D:3      | Reached XP level 6. HP: 11/52 MP: 6/6
  2610 | D:3      | Identified the +8 spear of Corruption {freeze, Str+3}
  3012 | D:3      | Found a large runed translucent door.
  3015 | D:3      | Found a large runed translucent door.
  3272 | D:3      | Found a shimmering altar of Xom.
  3277 | D:3      | Found a shimmering blue altar of Sif Muna.
  3328 | D:4      | Reached skill level 8 in Axes
  3362 | D:4      | Reached XP level 7. HP: 59/59 MP: 7/7
  3614 | D:4      | Noticed Blork the orc
  3623 | D:4      | Reached skill level 9 in Axes
  3631 | D:4      | Killed Blork the orc
  4044 | D:5      | Entered Level 5 of the Dungeon
  4044 | D:5      | Noticed Ijyb
  4054 | D:5      | Killed Ijyb
  4082 | D:5      | Reached skill level 10 in Axes
  4104 | D:5      | Found a blossoming altar of Fedhas.
  4270 | D:5      | Reached skill level 11 in Axes
  4270 | D:5      | Reached XP level 8. HP: 60/66 MP: 8/8
  4362 | D:5      | Found a staircase to the Ecumenical Temple.
  4379 | Temple   | Entered the Ecumenical Temple
  4512 | D:5      | Found a stormy altar of Qazlal.
  4514 | D:5      | Noticed an air elemental
  4514 | D:5      | Noticed Menkaure
  4515 | D:5      | Noticed a water elemental
  4521 | D:5      | Killed Menkaure
  4526 | D:5      | Reached skill level 12 in Axes
  4865 | D:6      | Noticed Maggie
  4876 | D:6      | Killed Maggie
  4877 | D:6      | Reached skill level 13 in Axes
  5050 | D:6      | Noticed Eustachio
  5060 | D:6      | Killed Eustachio
  5061 | D:6      | Reached XP level 9. HP: 71/71 MP: 9/9
  5069 | D:6      | Found Oqoqaec's Self-Improvement Boutique.
  5076 | D:6      | Reached skill level 14 in Axes
  5643 | D:7      | Reached skill level 15 in Axes
  5891 | D:7      | Found a radiant altar of Vehumet.
  5897 | D:7      | Found a sacrificial altar of Ru.
  6206 | D:7      | Noticed a troll
  6214 | D:7      | Killed a troll
  6215 | D:7      | Reached skill level 16 in Axes
  6217 | D:7      | Reached skill level 5 in Fighting
  6687 | D:8      | Found an ornate altar of the Wu Jian Council.
  7166 | D:8      | Reached skill level 5 in Shields
  7166 | D:8      | Reached XP level 10. HP: 73/83 MP: 10/10
  7246 | D:8      | Found a glowing golden altar of the Shining One.
  8380 | D:9      | Noticed a centaur warrior
  8388 | D:9      | Killed a centaur warrior
  8982 | D:9      | Found Cyuhiciw's Gadget Gallery.
  9142 | D:10     | Entered Level 10 of the Dungeon
  9425 | D:10     | Found Ynovof's Antique Weapon Shop.
  9441 | D:10     | Found a flagged portal.
  9454 | Bailey   | Entered a bailey
  9505 | Bailey   | Noticed an orc warlord
  9505 | Bailey   | Found the +10 morningstar "Eos" {elec, Halo rElec}
  9514 | Bailey   | Reached XP level 11. HP: 79/95 MP: 11/11
  9811 | Bailey   | Reached skill level 10 in Shields
 10021 | Bailey   | Found a runed translucent gate.
 10024 | Bailey   | Found a runed translucent gate.
 10025 | Bailey   | Found a runed translucent gate.
 10149 | Bailey   | Killed an orc warlord
 10317 | Bailey   | Acquired a +2 broad axe of flaming
 10415 | D:10     | Found an iron altar of Okawaru.
 10433 | D:10     | Became a worshipper of Warmaster Okawaru
 10594 | D:10     | Noticed a stone giant
 10610 | D:10     | Killed a stone giant
 10610 | D:10     | Reached * piety under Okawaru
 10946 | D:10     | Noticed a fire giant
 10951 | D:10     | Killed from afar by a fire giant

Illustrated notes

Levels and vault maps discovered:
D:1:      dpeg_arrival_rhombus, layout_loops_ring
D:2:      cheibrodos_fertilizer, layout_basic, hellmonk_ecumenical_altar_blasted
D:3:      layout_loops_ring, jmf_multi_god_temple2
D:4:      layout_cave_pools, uniq_blork_the_orc
D:5:      layout_rooms, nicolae_qazlal_style_of_elements,
          mainiacjoe_overflow_brackets, minmay_temple_entry_gardened_gates,
          uniq_menkaure, uniq_ijyb
D:6:      layout_rooms, chequers_serial_rivers_micro_a,
          amcnicky_mini_pool_small, nicolae_shop_self_help, uniq_eustachio,
          uniq_maggie
D:7:      layout_loops_ring, vehumet_crystals, mainiacjoe_overflow_chevrons
D:8:      layout_gridville, lemuel_doored_altar, general_overflow_altar
D:9:      hellmonk_warped_wall, layout_grid_maze,
          nicolae_concentric_dashed_squares_mild, nicolae_shop_gadgets
D:10:     layout_roguey, okawaru_altar_gauntlet_db, serial_shops, shop,
          enter_bailey_3, minmay_the_grid_2x2 [minmay_the_grid_x,
          minmay_the_grid_eight, minmay_the_grid_spikes,
          minmay_the_grid_prize_diamond_cup]
Temple:   cyrus_circular_temple

Skill      XL: |  1  2  3  4  5  6  7  8  9 10 11 |
---------------+----------------------------------+-----
Axes           | 3 4 5 7 8 11 13 16 | 16.4
Fighting       | 4 6 8 9 |  9.8
Armour         | 4 |  4.0
Shields        | 4 5 9 11 | 11.0

Action                   |  1- 3 |  4- 6 |  7- 9 | 10-12 || total
-------------------------+-------+-------+-------+-------++-------
Melee: War axe           |    75 |    88 |       |    69 ||   232
       Spear             |       |    36 |   249 |   251 ||   536
  Use: Scroll            |       |       |     6 |     3 ||     9
       Potion            |       |       |       |     1 ||     1
 Stab: Distracted        |       |     1 |       |       ||     1
Armor: Scale mail        |     4 |       |       |       ||     4
       Fire dragon scale |    31 |    48 |       |       ||    79
       Plate armour      |       |    15 |    60 |    71 ||   146
Dodge: Dodged            |    19 |    39 |    34 |    43 ||   135
Block: Buckler           |    19 |    22 |    48 |       ||    89
       Kite shield       |       |       |    17 |   194 ||   211
       Reflection        |       |       |     1 |    19 ||    20
